 Dungeon Crawl Stone Soup version 0.30.0-29-ga12c61a403 (webtiles) character file.

Game seed: 3927297407505912653

158 Graphine the Shield-Bearer (level 5, 0/42 HPs)
             Began as a Formicid Fighter on June 19, 2023.
             Succumbed to a kobold's poison
             ... on level 3 of the Dungeon.
             The game lasted 00:04:57 (1806 turns).

Graphine the Shield-Bearer (Formicid Fighter)       Turns: 1806, Time: 00:04:57

Health: 0/42       AC: 12    Str: 23    XL:     5   Next: 66%
Magic:  6/6        EV:  6    Int:  7    God:
Gold:   156        SH:  5    Dex: 13    Spells: 4/4 levels left

rFire   . . .        a - +1 flail
rCold   . . .        c - +0 buckler
rNeg    . . .        f - +0 plate armour
rPois   .            (helmet unavailable)
rElec   .            n - +0 cloak
rCorr   .            (no gloves)
SInv    +            (no boots)
Will    .....        (no amulet) Stlth
                     e - ring of flight
HPRegen 0.27/turn    i - +4 ring of slaying
MPRegen 0.10/turn

%: no passive effects
@: lethally poisoned (0 -> -1), flying
A: permanent stasis, dig shafts and tunnels, antennae 3, four strong arms
a: Dig, Shaft Self


You were on level 3 of the Dungeon.
You visited 1 branch of the dungeon, and saw 3 of its levels.

You collected 156 gold pieces.

Inventory:

Hand Weapons
 a - a +1 flail (weapon)
 b - a +2 whip of venom
 s - the +6 dagger "Wucriw" {holy, rN+ Will+ Int-2}
   (You took it off a kobold on level 3 of the Dungeon)

   Int:       It affects your intelligence (-2).
   rN:        It protects you from negative energy.
   Will:      It increases your willpower.
Armour
 c - a +0 buckler (worn)
 f - a +0 plate armour (worn)
 h - the +4 ring mail "Zougrofu" {rF+}
   (You found it on level 2 of the Dungeon)

   rF:        It protects you from fire.
 n - a +0 cloak (worn)
Jewellery
 e - a ring of flight (left hand)
 i - a +4 ring of slaying (right hand)
Wands
 j - a wand of iceblast (11)
 r - a wand of charming (8)
Scrolls
 g - a scroll of enchant weapon
 l - 3 scrolls of teleportation
 m - a scroll of summoning {unknown}
 o - a scroll of immolation {unknown}
 p - a scroll of noise {unknown}
Potions
 d - 3 potions of might
 k - a potion of degeneration
 q - a potion of brilliance


   Skills:
 + Level 3.9 Fighting
 + Level 2.7 Maces & Flails
 + Level 3.9 Armour
 - Level 1.3 Stealth
 + Level 4.9 Shields
 + Level 2.0 Invocations
 + Level 1.8 Evocations


You had 4 spell levels left.
You didn't know any spells.
Your spell library was empty.

Dungeon Overview and Level Annotations

Branches:
Dungeon (3/15)

Altars:
Cheibriados
Gozag
Wu Jian
Zin


Innate Abilities, Weirdness & Mutations

You cannot be hasted, slowed, berserked, paralysed or teleported.
You can dig through walls and to a lower floor.
You have a pair of large antennae on your head. (SInv)
Your four strong arms can wield two-handed weapons with a shield.


Message History

The kobold throws a stone.
The stone hits you but does no damage. The kobold hits you but does no damage.
You are poisoned.
You closely miss the kobold.
You feel very sick.
The kobold hits you with a +2 whip of venom.
You hit the kobold but do no damage.
You feel sick. The kobold hits you but does no damage.
You are lethally poisoned!
You thump the kobold!
You kill the kobold!
* * * LOW HITPOINT WARNING * * *
You feel very sick.
Okay, then.
As you read the scroll of identify, it crumbles to dust.
q - a potion of brilliance
* * * LOW HITPOINT WARNING * * *
You feel sick.
Okay, then.
Okay, then.
Okay, then.
Okay, then.
As you read the scroll labelled LUWESA FUUK, it crumbles to dust.
You feel a strange sense of stasis.
It was a scroll of teleportation.
* * * LOW HITPOINT WARNING * * *
You feel sick.
Press: ? - help, v - describe, . - travel The floor.
* * * LOW HITPOINT WARNING * * *
You feel sick.
Things that are here:
a +2 whip of venom; a stone
b - a +2 whip of venom
* * * LOW HITPOINT WARNING * * *
You feel sick.
* * * LOW HITPOINT WARNING * * *
You feel sick.
* * * LOW HITPOINT WARNING * * *
You feel sick.
You die...

.....#..#######
#.##...........
#.##.#.######.###
#.#..#.....##...
#...######.##..
#<...#####.##.#
#.##.......##†# #
..###......)..####.###
..# ##.....(....@....#
..# #....#####......#
..# #.... ##.....# ..#
##### #....## ##...#
#.... ##... ###


There were no monsters in sight!

Vanquished Creatures
  Crazy Yiuf (D:2)
  Ijyb (D:3)
  Robin (D:2)
  An adder (D:3)
  A worm (D:3)
  A dart slug (D:1)
  2 orcs
  5 bats
  9 endoplasms
  A giant cockroach (D:3)
  11 goblins
  9 hobgoblins
  7 jackals
  2 quokkas
  5 ball pythons
  4 frilled lizards
  6 kobolds
  6 rats
73 creatures vanquished.

Notes
Turn   | Place    | Note
-------+----------+-------------------------------------------
     0 | D:1      | Graphine the Formicid Fighter began the quest for the Orb.
     0 | D:1      | Reached XP level 1. HP: 18/18 MP: 1/1
   102 | D:1      | Reached XP level 2. HP: 24/24 MP: 2/2
   189 | D:1      | Reached skill level 1 in Stealth
   349 | D:1      | Reached XP level 3. HP: 24/29 MP: 3/3
   850 | D:2      | Found an ornate altar of the Wu Jian Council.
   854 | D:2      | Identified the +4 ring mail "Zougrofu" {rF+}
  1040 | D:2      | Reached skill level 1 in Invocations
  1146 | D:2      | Reached skill level 1 in Evocations
  1146 | D:2      | Reached XP level 4. HP: 36/36 MP: 4/4
  1178 | D:2      | Noticed Robin
  1206 | D:2      | Killed Robin
  1397 | D:2      | Found a runed translucent door.
  1398 | D:2      | Noticed Crazy Yiuf
  1403 | D:2      | Killed Crazy Yiuf
  1404 | D:2      | Reached XP level 5. HP: 42/42 MP: 4/6
  1555 | D:3      | Found a snail-covered altar of Cheibriados.
  1617 | D:3      | Found a glowing silver altar of Zin.
  1618 | D:3      | Found an opulent altar of Gozag.
  1765 | D:3      | Noticed Ijyb
  1769 | D:3      | Identified the +6 dagger "Wucriw" {holy, rN+ Will+ Int-2}
  1787 | D:3      | Killed Ijyb
  1803 | D:3      | HP: 2/42 [poisoned by a kobold]
  1806 | D:3      | Succumbed to a kobold's poison

Illustrated notes

Levels and vault maps discovered:
D:1:      minmay_arrival_five_plusses, layout_basic
D:2:      layout_rooms, basic_altar, uniq_crazy_yiuf_cottage, uniq_robin
D:3:      layout_rooms, grunt_temple_overflow_gold_and_silver,
          lemuel_tele_altar, shapermc_ecumenical_altar_mp_vishouse, uniq_ijyb

Skill      XL: |  1  2  3  4  5 |
---------------+----------------+-----
Stealth        | 1 |  1.3
Invocations    | 1 2 |  2.0
Evocations     | 1 |  1.8
Fighting       | |  3.9
Maces & Flails | |  2.7
Armour         | |  3.9
Shields        | |  4.9

Action                     |  1- 3 |  4- 6 || total
---------------------------+-------+-------++-------
  Melee: Flail             |   106 |    69 ||   175
    Use: Scroll            |       |     5 ||     5
 Armour: Scale mail        |    28 |       ||    28
         Plate armour      |    17 |    63 ||    80
  Dodge: Dodged            |    46 |    18 ||    64
  Block: Buckler           |    34 |    20 ||    54
